 Dungeon Crawl Stone Soup version 0.24-a0-115-gd155597332 (webtiles) character file.

Game seed: 7990648483102958953

6341 Morbidden the Grappler (level 10, -3/83 HPs)
             Began as a Yellow Draconian Transmuter on Feb 17, 2019.
             Was an Elder of Cheibriados.
             Slain by a three-headed hydra (9 damage)
             ... on level 9 of the Dungeon.
             The game lasted 00:29:28 (10542 turns).

Morbidden the Grappler (DrTm)                      Turns: 10542, Time: 00:29:30

Health: -3/83      AC: 10    Str: 23    XL:     10   Next: 64%
Magic:  17/17      EV: 16    Int: 24    God:    Cheibriados [****..]
Gold:   593        SH:  0    Dex: 24    Spells: 7/18 levels left

rFire    . . .     SeeInvis .     - Unarmed
rCold    . . .     Gourm    .   (no shield)
rNeg     . . .     Faith    .   (armour unavailable)
rPois    .         Spirit   .   (helmet restricted)
rElec    .         Reflect  .   w - +0 cloak {MR+}
rCorr    +         Harm     .   x - +0 pair of gloves
MR       +....                  v - +0 pair of boots
Stlth    ++........             (no amulet)
HPRegen  0.23/turn              C - +3 ring of dexterity
MPRegen  0.15/turn              (no ring)

@: studying Spellcasting, very slow
A: spit acid, unfitting armour, cold-blooded, acid resistance, AC +7
a: Breathe Acid, Bend Time, Temporal Distortion, Slouch, Renounce Religion


You were on level 9 of the Dungeon.
You worshipped Cheibriados.
Cheibriados was greatly pleased with you.
You were near starving.

You visited 1 branch of the dungeon, and saw 9 of its levels.

You collected 593 gold pieces.

Inventory:

Hand Weapons
 F - a +0 dagger
Missiles
 a - 189 arrows
Armour
 v - a +0 pair of boots (worn)
 w - a +0 cloak of magic resistance (worn)
 x - a +0 pair of gloves (worn)
Jewellery
 g - an uncursed ring of magical power {unknown}
 C - a +3 ring of dexterity (left hand)
Wands
 q - a wand of paralysis (2)
 y - a wand of iceblast (20)
 A - a wand of scattershot (6)
Scrolls
 d - 3 scrolls of enchant weapon
 e - a scroll of amnesia {unknown}
 f - 2 scrolls of enchant armour
 j - 6 scrolls of remove curse
 l - 3 scrolls of immolation
 n - 4 scrolls of fog
 s - a scroll of teleportation
 u - 2 scrolls of magic mapping
 z - a scroll of holy word {unknown}
Potions
 b - 2 potions of brilliance
 h - a potion of berserk rage {unknown}
 i - a potion of flight
 k - a potion of heal wounds
 m - a potion of lignification {unknown}
 o - a potion of cancellation {unknown}
 p - 4 potions of might
 r - 3 potions of curing
 t - 2 potions of invisibility
 D - a potion of agility {unknown}
 E - a potion of haste {unknown}
Books
 G - a manual of Spellcasting
Miscellaneous
 B - a lamp of fire
Comestibles
 c - 20 rations


   Skills:
 * Level 6.1 Fighting
 + Level 4.9 Dodging
 + Level 3.0 Stealth
 * Level 11.0 Unarmed Combat
 * Level 4.9 Spellcasting
 * Level 6.5 Transmutations
 + Level 2.4 Poison Magic
 * Level 3.3 Invocations
 - Level 0.3 Evocations


You had 7 spell levels left.
You knew the following spells:

 Your Spells              Type           Power        Failure   Level  Hunger
a - Beastly Appendage     Tmut           #####.       1%          1    None
b - Spider Form           Tmut/Pois      ####......   4%          3    ##.....
c - Blade Hands           Tmut           #####.....   17%         5    #####..
z - Sticks to Snakes      Tmut           #####...     1%          2    None

Your spell library contained the following spells:

 Spells                   Type           Power        Failure   Level  Hunger
 Sting                    Conj/Pois      ##..         5%          1    None
 Ignite Poison            Fire/Tmut/Pois ###.....     8%          3    ##.....
 Flame Tongue             Conj/Fire      #....        9%          1    None
 Sandblast                Erth           #.....       9%          1    None
 Throw Flame              Conj/Fire      #.....       14%         2    None
 Ice Form                 Ice/Tmut       ###.....     24%         4    ####...
 Conjure Flame            Conj/Fire      #.......     26%         3    ##.....
 Inner Flame              Hex/Fire       #.......     26%         3    ##.....
 Leda's Liquefaction      Hex/Erth       #.........   65%         4    ####...
 Sticky Flame             Conj/Fire      #.......     65%         4    ####...
 Fireball                 Conj/Fire      #.........   94%         5    #####..
 Lee's Rapid Deconstruct  Erth           #.........   94%         5    #####..
 Statue Form              Tmut/Erth      ###......    98%         6    #######


Dungeon Overview and Level Annotations

Branches:
Dungeon (9/15)             Temple (0/1) D:7             Orc (0/2) D:9
   Lair: D:8-11

Altars:
Cheibriados
Fedhas
Gozag
Hepliaklqana
Kikubaaqudgha
Makhleb
Ru
Sif Muna
Vehumet
Xom
Beogh

Annotations:
D:2 Sigmund
D:3 exclusion: ogre
D:7 2 runed translucent doors
D:9 1 runed translucent door


Innate Abilities, Weirdness & Mutations

You can spit globs of acid.
Your golden yellow scales are hard. (AC +7)
You cannot fit into any form of body armour.
You are cold-blooded and may be slowed by cold attacks.
You are resistant to acid. (rCorr)


Message History

The three-headed hydra bites you! The three-headed hydra bites you.
The big kobold hits you with a +0 short sword.
Your unstable footing causes you to fumble your attack.
The big kobold closely misses you.
The three-headed hydra bites you but does no damage.
The three-headed hydra misses you. The three-headed hydra bites you!
Your unstable footing causes you to fumble your attack.
The big kobold misses you.
The three-headed hydra barely misses you.
The three-headed hydra bites you.
The three-headed hydra closely misses you.
Unknown command.
The three-headed hydra bites you!! The three-headed hydra bites you!
The three-headed hydra closely misses you.
The big kobold barely misses you. The three-headed hydra bites you!
* * * LOW HITPOINT WARNING * * *
The three-headed hydra bites you!
* * * LOW HITPOINT WARNING * * *
The three-headed hydra bites you!
You die...

......'.# #.[......######....
......#.##### #.............+....
......#.....# #..................
......#####.###..........#...#...
......# #...'.........###.###..
......# ###########....#...#...
......# #.)'.P≈PP#......_.....
....(.# #%.#DK)≈P#...)#...#...
......# #+##P@P.≈#.#.###.###..
###'### #..#.....#(#..#...#...
###.# #..'....≈..#.........#
#...# #..'.P...######.###...
#'####### #..'....≈#### #.......
........# #..#.....#..# #.......
........# ##########..# #.>.....
........#####.'........###.......
........#.....#........'.#.......


You could see a three-headed hydra and a big kobold.

Vanquished Creatures
  An ugly thing (D:9)
  2 dream sheep (D:9)
  A hippogriff (D:7)
  3 wraiths (D:9)
  A wyvern (D:7)
  2 yaks (D:9)
  A hungry ghost (D:8)
  5 orc warriors
  4 phantoms
  An eye of draining (D:8)
  3 sky beasts
  A hornet zombie (D:8)
  4 centaurs
  2 necrophages
  4 ogres
  4 big kobolds
  An elf zombie (D:9)
  2 water moccasin skeletons
  3 scorpions
  A killer bee (D:7)
  2 wights
  5 crimson imps
  2 quasits (D:7)
  A bullfrog zombie (D:9)
  2 bullfrog skeletons
  10 hounds
  2 jellies
  3 orc priests
  6 orc wizards
  A human zombie (D:9)
  4 worker ants
  A human skeleton (D:9)
  2 iguanas
  2 hound skeletons
  4 mummies
  Robin (D:2)
  A howler monkey skeleton (D:7)
  15 adders
  4 shadow imps
  2 oozes
  2 adder skeletons
  3 worms
  A dart slug (D:1)
  2 leopard geckos
  31 orcs
  6 ball pythons
  7 bats
  6 giant cockroaches
  15 goblins
  7 hobgoblins
  9 jackals
  4 quokkas
  A ball python skeleton (D:4)
  8 frilled lizards
  12 kobolds
  2 leopard gecko skeletons
  An orc skeleton (D:9)
  An orc zombie (D:9)
  3 quokka skeletons
  6 rats
243 creatures vanquished.

Vanquished Creatures (collateral kills)
  An ogre (D:6)
  An adder (D:6)
2 creatures vanquished.

Grand Total: 245 creatures vanquished

Notes
Turn   | Place    | Note
-------+----------+-------------------------------------------
     0 | D:1      | Morbidden the Draconian Transmuter began the quest for the
                  | Orb.
     0 | D:1      | Reached XP level 1. HP: 16/16 MP: 3/3
   108 | D:1      | Reached XP level 2. HP: 14/23 MP: 5/5
   432 | D:1      | Reached XP level 3. HP: 13/28 MP: 6/6
   700 | D:2      | Reached skill level 4 in Unarmed Combat
   944 | D:2      | Noticed Sigmund
  1101 | D:2      | Noticed Robin
  1119 | D:2      | Killed Robin
  1119 | D:2      | Reached XP level 4. HP: 10/35 MP: 7/7
  1517 | D:2      | Learned a level 3 spell: Spider Form
  1936 | D:3      | Found a hazy altar of Hepliaklqana.
  2032 | D:3      | Found a shimmering altar of Xom.
  2067 | D:3      | Reached skill level 1 in Poison Magic
  2307 | D:3      | Reached XP level 5. HP: 20/40 MP: 8/8
  2391 | D:3      | Noticed an ogre
  2801 | D:4      | Noticed an ogre
  2809 | D:4      | Killed an ogre
  2809 | D:4      | Reached skill level 5 in Unarmed Combat
  2809 | D:4      | Reached XP level 6. HP: 37/47 MP: 7/9
  3676 | D:4      | Reached skill level 1 in Stealth
  4016 | D:5      | Entered Level 5 of the Dungeon
  4163 | D:5      | Reached skill level 6 in Unarmed Combat
  4163 | D:5      | Your scales start taking on a golden yellow colour.
  4163 | D:5      | Reached XP level 7. HP: 30/53 MP: 8/11
  4163 | D:5      | Gained mutation: You are resistant to acid. (rCorr) [Yellow
                  | Draconian growth]
  4498 | D:5      | Found an opulent altar of Gozag.
  4788 | D:5      | Reached skill level 7 in Unarmed Combat
  4788 | D:5      | Reached XP level 8. HP: 43/62 MP: 12/12
  5313 | D:5      | Found a snail-covered altar of Cheibriados.
  5332 | D:5      | Became a worshipper of Cheibriados the Contemplative
  6156 | D:5      | Learned a level 2 spell: Sticks to Snakes
  6178 | D:6      | Reached skill level 8 in Unarmed Combat
  6251 | D:6      | Reached * piety under Cheibriados
  6383 | D:6      | Identified the Handbook of Toxins and the Mountains
  6620 | D:7      | Found a staircase to the Ecumenical Temple.
  6640 | D:7      | Found a large runed translucent door.
  6640 | D:7      | Found a large runed translucent door.
  6650 | D:7      | Found a large runed translucent door.
  6650 | D:7      | Found a large runed translucent door.
  6731 | D:7      | Noticed a hippogriff
  6744 | D:7      | Killed a hippogriff
  6744 | D:7      | Reached XP level 9. HP: 39/71 MP: 14/14
  7197 | D:7      | Reached skill level 9 in Unarmed Combat
  7197 | D:7      | Reached skill level 5 in Transmutations
  7665 | D:7      | Found a burning altar of Makhleb.
  7666 | D:7      | Found a blossoming altar of Fedhas.
  7740 | D:8      | Paralysed by a hornet for 3 turns
  7751 | D:7      | Paralysed by a hornet for 2 turns
  8005 | D:8      | Reached skill level 5 in Fighting
  8016 | D:8      | Reached ** piety under Cheibriados
  8727 | D:8      | Reached skill level 1 in Invocations
  9107 | D:8      | Reached XP level 10. HP: 57/82 MP: 16/16
  9249 | D:9      | Reached *** piety under Cheibriados
  9278 | D:9      | Found a sacrificial altar of Ru.
  9396 | D:9      | Found a radiant altar of Vehumet.
  9496 | D:9      | Learned a level 5 spell: Blade Hands
  9553 | D:9      | Reached skill level 10 in Unarmed Combat
  9642 | D:9      | Found an ancient bone altar of Kikubaaqudgha.
 10062 | D:9      | Noticed a three-headed hydra
 10103 | D:9      | Reached **** piety under Cheibriados
 10128 | D:9      | Found a roughly hewn altar of Beogh.
 10128 | D:9      | Found a staircase to the Orcish Mines.
 10389 | D:9      | Found a runed translucent door.
 10389 | D:9      | Noticed a white ugly thing
 10403 | D:9      | Killed a white ugly thing
 10404 | D:9      | Noticed a yaktaur captain
 10462 | D:9      | Found a deep blue altar of Sif Muna.
 10472 | D:9      | Reached skill level 11 in Unarmed Combat
 10542 | D:9      | Slain by a three-headed hydra

Levels and vault maps discovered:
D:1:      scummos_arrival_checkerplants, layout_rooms
D:2:      wander_river, layout_loops_corners, minmay_cupped, uniq_sigmund,
          uniq_robin
D:3:      layout_loops_cross, overflow_temple_1_default,
          nicolae_overflow_crystal_walls, serial_glass, glass_columns_b,
          glass_columns_a, first_ration
D:4:      layout_cave_pools, minmay_quadrilaterals
D:5:      layout_basic, slow_altar_2,
          nicolae_gozag_cash_rules_everything_around_me, saegor_snake_ambush
D:6:      layout_rooms, corexii_checkpoint_b
D:7:      layout_loops_ring, gammafunk_temple_overflow_statue,
          minmay_temple_entry_overgrown, minmay_hollow_rounded_squares
D:8:      minmay_slanted_spiral_squares, layout_loops_ring
D:9:      layout_roguey, vehumet_crystals, kennysheep_mini_moat, led_sif_book,
          lemuel_mausoleum_altar_kikubaaqudgha, david_orc_5, hangedman_ranch
          [blue_anna_fruit_fields], minivault_13

Skill      XL: |  1  2  3  4  5  6  7  8  9 10 |
---------------+-------------------------------+-----
Unarmed Combat | 4 5 6 7 8 9 11 | 11.0
Dodging        | 2 3 4 |  4.9
Poison Magic   | 1 2 |  2.4
Transmutations | 3 4 6 |  6.5
Stealth        | 1 2 3 |  3.0
Fighting       | 2 4 5 6 |  6.1
Spellcasting   | 3 4 |  4.9
Invocations    | 2 3 |  3.3
Evocations     | |  0.3

Action                   |  1- 3 |  4- 6 |  7- 9 | 10-12 || total
-------------------------+-------+-------+-------+-------++-------
Melee: Unarmed           |   124 |   251 |   355 |   164 ||   894
       Tailslap          |    14 |    19 |    28 |    27 ||    88
       Kick              |    10 |    11 |       |       ||    21
       Headbutt          |     1 |    15 |       |       ||    16
       Punch             |     1 |     5 |    12 |     8 ||    26
 Cast: Beastly Appendage |    18 |    31 |       |       ||    49
       Spider Form       |       |     4 |     3 |     2 ||     9
       Sticks to Snakes  |       |       |    11 |       ||    11
 Abil: Breathe Acid      |       |       |    52 |    14 ||    66
Evoke: Wand              |       |     5 |       |     1 ||     6
  Use: Potion            |       |     7 |     3 |       ||    10
       Scroll            |       |       |    11 |     2 ||    13
 Stab: Sleeping          |       |     2 |     1 |     7 ||    10
       Paralysed         |       |     2 |       |       ||     2
       Distracted        |       |       |     1 |       ||     1
  Eat: Chunk             |     1 |     4 |    19 |       ||    24
       Ration            |       |     2 |     2 |     1 ||     5
Armor: Skin              |    51 |    58 |   192 |    34 ||   335
Dodge: Dodged            |    83 |   141 |   308 |   106 ||   638

Table legend:
 A = Non-vault XP
 B = Vault XP
 C = Vault XP percentage of total XP
 D = Non-vault monster count
 E = Vault monster count
 F = Vault count percentage of total count
                 A         B        C        D         E       F
            +---------+---------+-------+---------+---------+-------
      Total |    4112 |    4947 |  54.6 |     155 |      90 |  36.7
            +---------+---------+-------+---------+---------+-------
        D:1 |      46 |       0 |   0.0 |      22 |       0 |   0.0
        D:2 |      55 |      39 |  41.5 |      17 |      16 |  48.5
        D:3 |     142 |       0 |   0.0 |      22 |       0 |   0.0
        D:4 |     442 |       2 |   0.5 |      16 |       2 |  11.1
        D:5 |     841 |      37 |   4.2 |      20 |       6 |  23.1
        D:6 |     690 |       4 |   0.6 |      17 |       2 |  10.5
        D:7 |     212 |     924 |  81.3 |      10 |      12 |  54.5
        D:8 |    1200 |     846 |  41.3 |      21 |      11 |  34.4
        D:9 |     484 |    3095 |  86.5 |      10 |      41 |  80.4
            +---------+---------+-------+---------+---------+-------
